 Dungeon Crawl Stone Soup version 0.15-a0-1537-ge1f089e (webtiles) character file.

5039 Quh the Conjurer (level 10, -20/73 HPs)
             Began as a Demonspawn Wizard on June 16, 2014.
             Was a Priest of Vehumet.
             Killed from afar by Crauler's ghost (25 damage)
             ... with a blast of negative energy
             ... on Level 10 of the Dungeon.
             The game lasted 01:38:42 (15483 turns).

Quh the Conjurer (Demonspawn Wizard)               Turns: 15483, Time: 01:38:43

HP -20/73        AC  7     Str  7      XL: 10   Next: 30%
MP  21/25        EV 11     Int 23      God: Vehumet [***...]
Gold 578         SH  0     Dex 12      Spells:  8 memorised,  6 levels left

rFire  . . .     SeeInvis .     Q - +3 dagger (venom)
rCold  . . .     Clarity  .     D - +1 robe
rNeg   . . .     rCorr    .     (no shield)
rPois  .         rRot     .     b - +0 hat
rElec  .         Spirit   .     (no cloak)
SustAb .         Warding  .     p - +0 pair of gloves
rMut   .         Stasis   .     X - +0 pair of boots
Gourm  +                        R - amulet of the gourmand
MR     +....                    T - ring of wizardry
                                k - ring of protection from magic

@: repel missiles, very heavily drained, somewhat resistant to hostile
enchantments, unstealthy
A: hooves 1, yellow scales 1, demonic guardian 1, nightstalker 1
a: Renounce Religion


You were on level 10 of the Dungeon.
You worshipped Vehumet.
Vehumet was most pleased with you.
You were not hungry.

You visited 3 branches of the dungeon, and saw 13 of its levels.
You also visited: Ossuary.

You collected 578 gold pieces.

Inventory:

Hand weapons
 f - a cursed +1 whip of flaming
 C - a +4 flail
 I - a +1 dagger of venom
 Q - a +3 dagger of venom (weapon)
Missiles
 m - 48 stones (quivered)
Armour
 b - a +0 hat (worn)
 p - a +0 pair of gloves (worn)
 D - a +1 robe (worn)
 X - a +0 pair of boots (worn)
Magical devices
 a - a wand of disintegration (19) {unknown}
 g - a wand of confusion (14) {unknown}
 o - a wand of frost (2)
 y - a wand of flame (13) {unknown}
 G - a wand of magic darts (9) {unknown}
 P - a wand of lightning (5) {unknown}
 Z - a wand of slowing (15) {unknown}
Comestibles
 d - 3 bread rations
 r - 2 slices of pizza
 S - a meat ration
 W - 11 royal jellies
Scrolls
 q - 4 scrolls of teleportation
 s - 3 scrolls of fear
 v - 3 scrolls of remove curse
 B - a scroll of blinking {unknown}
 F - a scroll of enchant armour
 K - 2 scrolls of fog
 L - 4 scrolls of enchant weapon
 N - 2 scrolls of amnesia {unknown}
Jewellery
 k - a ring of protection from magic (left hand)
 t - a +4 ring of evasion
 u - an uncursed amulet of warding
 E - a +4 ring of strength
 H - an uncursed ring of flight
 R - an amulet of the gourmand (around neck)
 T - a ring of wizardry (right hand)
 V - a +4 ring of strength
Potions
 e - a potion of degeneration {unknown}
 h - 2 potions of lignification
 i - a potion of paralysis {unknown}
 j - 9 potions of curing
 n - 8 potions of heal wounds
 w - a potion of cure mutation {unknown}
 x - a potion of haste {unknown}
 z - 3 potions of invisibility
 A - a potion of agility {unknown}
 J - a potion of poison {unknown}
 M - 2 potions of might
 O - 2 potions of brilliance {unknown}
 U - a potion of berserk rage {unknown}
 Y - a potion of restore abilities {unknown}
Books
 c - a book of Minor Magic

   Spells                             Type                      Level
   *Magic Dart                        Conjuration                  1
   *Blink                             Translocation                2
   *Call Imp                          Summoning                    2
   *Repel Missiles                    Charms/Air                   2
   Slow                               Hexes                        2
   *Conjure Flame                     Conjuration/Fire             3
   *Mephitic Cloud                    Conjuration/Poison/Air       3


   Skills:
 * Level 4.4(1.0) Fighting
 + Level 2.2(0.0) Dodging
 + Level 3.3(0.1) Stealth
 - Level 7.0(3.4) Spellcasting
 * Level 9.5(5.6) Conjurations
 - Level 2.4(0.0) Summonings
 - Level 2.4(0.0) Translocations
 - Level 3.8(0.5) Air Magic
 - Level 4.0(0.6) Poison Magic
 + Level 3.5(0.2) Evocations


You had 6 spell levels left.
You knew the following spells:

 Your Spells              Type           Power        Failure   Level  Hunger
a - Magic Dart            Conj           ####         1%          1    None
b - Blink                 Tloc           N/A          9%          2    #......
c - Call Imp              Summ           #.......     9%          2    #......
d - Repel Missiles        Chrm/Air       #.....       7%          2    #......
e - Mephitic Cloud        Conj/Pois/Air  ##......     1%          3    ###....
f - Conjure Flame         Conj/Fire      ###.....     1%          3    ###....
g - Sting                 Conj/Pois      ###.         1%          1    None
h - Stone Arrow           Conj/Erth      ###...       1%          3    ###....


Dungeon Overview and Level Annotations

Branches:
Dungeon (10/15)            Temple (1/1) D:7             Orc (2/4) D:9
   Lair: D:8-11

Altars:
Ashenzari
Cheibriados
Dithmenos
Elyvilon
Fedhas
Gozag
Kikubaaqudgha
Makhleb
Nemelex Xobeh
Okawaru
Qazlal
Sif Muna
Trog
Vehumet
Xom
Yredelemnul
Zin
The Shining One

Shops:
D:10 !

Annotations:
D:10 Crauler's ghost, experienced DrTm


Innate Abilities, Weirdness & Mutations

You have large cloven feet.
You are partially covered in yellow scales (AC +2).
A weak demonic guardian rushes to your aid.
You are slightly more attuned to the shadows.


Message History

Your crimson imp hits Crauler's ghost but does no damage.
Crauler's ghost hits your crimson imp.
Your crimson imp blinks!
Your white imp hits Crauler's ghost but does no damage.
Your crimson imp closely misses Crauler's ghost. x2
Crauler's ghost breathes negative energy at you.
The blast of negative energy hits your white imp.
Your white imp completely resists.
The blast of negative energy hits you!
You feel drained.
* * * LOW HITPOINT WARNING * * *
Your white imp closely misses Crauler's ghost.
Your crimson imp blinks!
There is a stone staircase leading up here.
Your white imp completely misses Crauler's ghost.
Your crimson imp hits Crauler's ghost but does no damage. x2
Crauler's ghost breathes negative energy at you.
The blast of negative energy hits your white imp.
Your white imp completely resists.
The blast of negative energy hits you!
You feel drained.
You die...

.#...........#..(.........
.#...........#............
.#########...#.............
.........#####.............
............................
.....................######
........<.....######.#
..............#..55#.#
.......#####'##.@[5W.#
.......#..........5#5#'#'##
.....###.#######...'........
.....#...# #...#.......
....##...# #...#.......
....#....# #ยง[.#......
....#....# #...#.####' .
#....#######...#.#
#.............##.#


You could see Crauler's ghost, 2 friendly crimson imps, 2 friendly white imps
and a friendly ufetubus.

Vanquished Creatures
  Pikel (D:7)
  A hill giant (D:7)
  Grinder (D:6)
  3 trolls
  3 yaks (D:10)
  2 hungry ghosts
  4 orc warriors
  3 ogres
  2 centaurs
  2 ice beasts
  A phantom (D:7)
  A big kobold (D:6)
  A giant frog (D:10)
  A gnoll sergeant (D:9)
  2 scorpions (D:8)
  4 wights
  A hippogriff skeleton (D:9)
  A killer bee (D:8)
  3 crimson imps
  A goliath beetle (D:7)
  A human zombie (D:6)
  A jelly (D:8)
  A centaur skeleton (D:7)
  3 orc priests
  4 worker ants
  An iguana (D:9)
  5 orc wizards
  4 hounds
  A big kobold zombie (Ossuary)
  2 mummies
  10 gnolls
  5 adders
  A white imp (Orc:1)
  An inept feature mimic (D:6)
  4 worms
  A giant mite (D:6)
  An ufetubus (D:7)
  An adder zombie (Ossuary)
  An iguana skeleton (D:8)
  An adder skeleton (D:5)
  An iguana zombie (D:5)
  6 giant geckos
  An ooze (D:7)
  45 orcs
  2 bats (D:4)
  8 giant cockroaches
  5 goblins
  11 hobgoblins
  8 jackals
  5 quokkas
  4 giant newts
  A goblin zombie (D:5)
  25 kobolds
  A kobold skeleton (D:5)
  2 orc zombies (Ossuary)
  13 rats
  2 plants (D:6)
227 creatures vanquished.

Vanquished Creatures (collateral kills)
  A yak (D:10)
  An orc warrior (Orc:1)
  A black bear (D:8)
  An ice beast (D:5)
  An ogre (D:4)
  A centaur (D:7)
  3 giant frogs
  A big kobold (D:9)
  A scorpion (D:10)
  2 water moccasin zombies (Ossuary)
  2 wights
  2 killer bees (D:8)
  A goliath beetle (D:8)
  2 jellies (D:8)
  A crimson imp (D:9)
  2 hounds
  A gnoll shaman (D:7)
  A human zombie (D:6)
  An orc priest (Orc:1)
  6 orc wizards
  A giant frog skeleton (D:8)
  An iguana (D:4)
  A human skeleton (D:6)
  2 worker ants
  2 big kobold zombies (Ossuary)
  A sky beast zombie (D:8)
  Ijyb (D:7)
  A mummy (Ossuary)
  3 adders
  A gnoll (D:7)
  3 giant mites
  3 shadow imps
  4 adder zombies (Ossuary)
  A giant gecko (D:1)
  5 oozes (D:8)
  20 orcs
  A giant cockroach (D:3)
  6 hobgoblins
  2 jackals (D:8)
  8 kobolds
  2 quokkas
  A bat (D:4)
  2 giant newts
  2 goblins
  2 hobgoblin zombies (Ossuary)
  9 kobold zombies (Ossuary)
  6 orc zombies
  4 rats
  A plant (D:6)
128 creatures vanquished.

Vanquished Creatures (others)
  11 quasits
  31 crimson imps
  12 iron imps
  38 white imps
  6 shadow imps
  12 ufetubi
  A goblin (D:7)
  A giant spore (D:7)
  An orc zombie (Ossuary)
  A ballistomycete (D:7)
114 creatures vanquished.

Grand Total: 469 creatures vanquished

Notes
Turn   | Place    | Note
--------------------------------------------------------------
     0 | D:1      | Quh, the Demonspawn Wizard, began the quest for the Orb.
     0 | D:1      | Reached XP level 1. HP: 13/13 MP: 4/4
   155 | D:1      | Gained mutation: A weak demonic guardian rushes to your aid. [demonic ancestry]
   155 | D:1      | Reached XP level 2. HP: 5/19 MP: 0/6
   309 | D:1      | Learned a level 2 spell: Blink
   312 | D:1      | Learned a level 2 spell: Call Imp
   315 | D:1      | Learned a level 2 spell: Repel Missiles
   345 | D:1      | Reached skill level 1 in Translocations
  1562 | D:2      | Reached XP level 3. HP: 22/24 MP: 0/7
  1699 | D:2      | Found a bloodstained altar of Trog.
  1702 | D:2      | Found a blossoming altar of Fedhas.
  1705 | D:2      | Found a snail-covered altar of Cheibriados.
  3221 | D:3      | Gained mutation: You have large cloven feet. [demonic ancestry]
  3221 | D:3      | Reached XP level 4. HP: 30/30 MP: 5/9
  3442 | D:3      | Noticed an ogre
  3489 | D:3      | Killed an ogre
  3630 | D:3      | Found a burning altar of Makhleb.
  3639 | D:3      | Reached XP level 5. HP: 35/35 MP: 3/11
  4025 | D:3      | Learned a level 3 spell: Mephitic Cloud
  4098 | D:4      | Reached skill level 1 in Air Magic
  4098 | D:4      | Reached skill level 1 in Poison Magic
  4510 | D:4      | Reached skill level 4 in Conjurations
  4610 | D:4      | Found a sand-covered staircase.
  4616 | Ossuary  | Entered an ossuary
  4833 | Ossuary  | Reached XP level 6. HP: 16/41 MP: 1/12
  5567 | D:5      | Entered Level 5 of the Dungeon
  5609 | D:4      | Reached XP level 7. HP: 41/46 MP: 0/14
  5992 | D:5      | Reached skill level 5 in Conjurations
  6624 | D:6      | Noticed a troll
  6657 | D:6      | Learned a level 3 spell: Conjure Flame
  6971 | D:6      | Noticed Grinder
  6985 | D:6      | Paralysed by Grinder for 7 turns
  7088 | D:6      | Killed Grinder
  7331 | D:6      | Reached XP level 8. HP: 52/52 MP: 11/17
  8376 | D:6      | Reached skill level 6 in Conjurations
  8757 | D:7      | Noticed a hill giant
  8786 | D:7      | Killed a hill giant
  8909 | D:7      | Reached skill level 5 in Spellcasting
  9099 | D:7      | Reached skill level 7 in Conjurations
  9239 | D:7      | Found a staircase to the Ecumenical Temple.
  9293 | D:7      | Noticed a troll
  9509 | D:7      | Killed a troll
  9637 | Temple   | Entered the Ecumenical Temple
  9738 | Temple   | Became a worshipper of Vehumet
 10118 | D:7      | Gained mutation: You are partially covered in yellow scales (AC +2). [demonic ancestry]
 10118 | D:7      | Reached XP level 9. HP: 57/57 MP: 0/22
 10305 | D:7      | Noticed Pikel
 10328 | D:7      | Killed Pikel
 10361 | D:7      | Noticed Ijyb
 10376 | D:7      | Killed Ijyb
 10563 | D:7      | Reached skill level 8 in Conjurations
 11167 | D:8      | Acquired Vehumet's first power
 11167 | D:8      | Offered knowledge of Sting by Vehumet.
 11170 | D:8      | Learned a level 1 spell: Sting
 11414 | D:8      | Reached skill level 1 in Fighting
 11584 | D:8      | Reached skill level 1 in Evocations
 12212 | D:8      | Found a shimmering altar of Xom.
 12866 | D:9      | Offered knowledge of Freeze by Vehumet.
 12886 | D:9      | Reached skill level 9 in Conjurations
 13305 | D:9      | Gained mutation: You are slightly more attuned to the shadows. [demonic ancestry]
 13305 | D:9      | Reached XP level 10. HP: 70/70 MP: 14/25
 13398 | D:9      | Found a white marble altar of Elyvilon.
 13557 | D:9      | Found a staircase to the Orcish Mines.
 13572 | Orc:1    | Entered Level 1 of the Orcish Mines
 14142 | Orc:1    | Offered knowledge of Stone Arrow by Vehumet.
 14251 | Orc:1    | Learned a level 3 spell: Stone Arrow
 14303 | Orc:2    | Noticed an orc knight
 14600 | D:10     | Entered Level 10 of the Dungeon
 14608 | D:10     | Found Xilenye's Distillery.
 14945 | D:10     | Noticed Crauler's ghost (experienced DrTm)
 15302 | D:10     | Acquired Vehumet's second power
 15483 | D:10     | Killed from afar by Crauler's ghost

Action                   |  1- 3 |  4- 6 |  7- 9 | 10-12 || total
-------------------------+-------+-------+-------+-------++-------
Melee: Short sword       |    35 |    45 |       |       ||    80
       Unarmed           |     3 |       |       |       ||     3
       Dagger            |       |     4 |   126 |    21 ||   151
Throw: Stone             |    21 |       |     9 |       ||    30
 Cast: Magic Dart        |    84 |    81 |   327 |    64 ||   556
       Call Imp          |    14 |    45 |   124 |    40 ||   223
       Blink             |     1 |     2 |     3 |    13 ||    19
       Mephitic Cloud    |       |     1 |    44 |    17 ||    62
       Repel Missiles    |       |     1 |       |       ||     1
       Sting             |       |       |    32 |    52 ||    84
       Conjure Flame     |       |       |     1 |       ||     1
       Stone Arrow       |       |       |       |     5 ||     5
  Use: Potion            |     1 |       |       |       ||     1
       Scroll            |       |     4 |    10 |       ||    14
